 Dungeon Crawl Stone Soup version 0.26-a0-466-g989023bd0d (webtiles) character file.

Game seed: 4689221157715970955

191 Mesmaeker13 the Caller (level 5, -1/38 HPs)
             Began as a Draconian Summoner on Aug 12, 2020.
             Killed from afar by an orc wizard (11 damage)
             ... with a puff of flame
             ... on level 3 of the Dungeon.
             The game lasted 00:06:44 (5245 turns).

Mesmaeker13 the Caller (Draconian Summoner)         Turns: 5245, Time: 00:06:44

Health: -1/38      AC:  6    Str: 11    XL:     5   Next: 42%
Magic:  5/10       EV: 13    Int: 16    God:
Gold:   143        SH:  0    Dex: 11    Spells: 4/10 levels left

rFire    . . .     SeeInvis .   s - +4 dagger
rCold    . . .     Faith    .   (no shield)
rNeg     . . .     Spirit   .   (armour unavailable)
rPois    .         Reflect  .   (helmet restricted)
rElec    .         Harm     .   (no cloak)
rCorr    +                      (no gloves)
MR       .....                  f - +0 pair of boots
Stlth    ++........             o - amulet of inaccuracy (curse)
HPRegen  0.12/turn              m - ring of resist corrosion
MPRegen  0.12/turn              (no ring)

@: no status effects
A: unfitting armour, cold-blooded, AC +5
a: no special abilities


You were on level 3 of the Dungeon.
You visited 1 branch of the dungeon, and saw 4 of its levels.

You collected 143 gold pieces.

Inventory:

Hand Weapons
 g - a +1 spear
 s - a +4 dagger (weapon)
Missiles
 h - 11 poisoned darts (quivered)
 n - a throwing net
Armour
 f - a +0 pair of boots (worn)
Jewellery
 m - a ring of resist corrosion (left hand)
 o - a cursed amulet of inaccuracy (around neck)
Scrolls
 a - a scroll of enchant weapon
 b - a scroll of magic mapping {unknown}
 c - a scroll of remove curse {unknown}
 i - a scroll of teleportation {unknown}
 k - a scroll of random uselessness {unknown}
 p - a scroll of identify {unknown}
 t - a scroll of amnesia
Potions
 e - 3 potions of curing {unknown}
 j - a potion of haste {unknown}
 l - a potion of resistance {unknown}
 q - a potion of degeneration {unknown}
 r - a potion of berserk rage {unknown}


   Skills:
 + Level 3.3 Dodging
 - Level 1.7 Stealth
 + Level 3.4 Spellcasting
 + Level 5.0 Summonings


You had 4 spell levels left.
You knew the following spells:

 Your Spells              Type           Power        Failure   Level
a - Summon Small Mammal   Summ           ###.         2%          1
b - Call Imp              Summ           ###.....     3%          2
c - Call Canine Familiar  Summ           ###.....     7%          3

Your spell library contained the following spells:

 Spells                   Type           Power        Failure   Level
 Summon Guardian Golem    Hex/Summ       ##......     19%         3
 Summon Ice Beast         Ice/Summ       ##......     54%         4
 Summon Lightning Spire   Summ/Air       ##......     54%         4


Dungeon Overview and Level Annotations

Branches:
Dungeon (4/15)
 Temple: D:4-7

Altars:
Ru
Sif Muna
Uskayaw
The Shining One


Innate Abilities, Weirdness & Mutations

Your plain brown scales are hard. (AC +5)
You cannot fit into any form of body armour.
You are cold-blooded and may be slowed by cold attacks.


Message History

You swap places.
Something hits you.
* * * LOW HITPOINT WARNING * * *
Something hits you but does no damage.
A magic dart appears from out of thin air!
The magic dart hits your hound.
Your hound barely misses something.
Something closely misses your hound.
Your hound bites something.
A puff of frost appears from out of thin air!
The puff of frost hits your hound!
Your hound completely misses something.
Something misses your hound.
Your hound closely misses something.
Something hits your hound.
Your hound dies!
Your hound's corpse disappears in a puff of smoke!
Casting: Call Canine Familiar (dangerous; 7% risk of failure)
Confirm with . or Enter, or press ? or * to list all spells.
Your hound bites something but does no damage.
Your hound closely misses something.
A puff of flame appears from out of thin air!
The puff of flame hits you!
You die...

#.....######..# #.# #.# #♣...♣#
#..# #.# #.# #.....######..# #.#
#.# ###_####....{.# #.# #.#
################h####.####.# #.#
.........### #.#{#...o...#.# #.#
##########.# #.#.#)#.##.##.###.#
######.###.#.#.#.....#.#...#
#..........#@#.#.....#.#.###
#.#####.##.#.#.........#.#.##
#####.#........#.#.........#.#...
....................>###.###.#.##
#####.#......(.....#.......#.#.##
#####.######.#.#.#.#.#...#.#.#.##
......# #..)#.#.#.#.###.#.#.#.
####### ##..#.#.........#.#.#. #
#..#.###.#.#####.#.#.


You could see a friendly hound (summoned).

Vanquished Creatures
  2 worker ants (D:4)
  A dart slug (D:1)
  2 leopard geckos (D:3)
  An orc (D:4)
  7 bats
  6 goblins
  6 hobgoblins
  2 jackals
  5 frilled lizards
  4 kobolds
  9 rats
45 creatures vanquished.

Vanquished Creatures (collateral kills)
  A phantom (D:4)
  2 adders
  2 oozes
  2 worms (D:3)
  3 orcs (D:4)
  2 bats
  2 giant cockroaches
  3 hobgoblins
  5 jackals
  5 goblins
  2 rats
29 creatures vanquished.

Grand Total: 74 creatures vanquished

Notes
Turn   | Place    | Note
-------+----------+-------------------------------------------
     0 | D:1      | Mesmaeker13 the Draconian Summoner began the quest for the
                  | Orb.
     0 | D:1      | Reached XP level 1. HP: 14/14 MP: 3/3
   561 | D:1      | Reached XP level 2. HP: 19/20 MP: 3/5
  1504 | D:1      | Reached XP level 3. HP: 26/26 MP: 6/6
  2257 | D:2      | Learned a level 2 spell: Call Imp
  2388 | D:2      | Noticed a +0 dagger
  2390 | D:2      | Noticed a +0 dagger
  2391 | D:2      | Found a hide-covered altar of Uskayaw.
  2712 | D:2      | Found a shimmering blue altar of Sif Muna.
  3199 | D:3      | Found a sacrificial altar of Ru.
  3498 | D:3      | Reached XP level 4. HP: 33/33 MP: 1/8
  3612 | D:3      | Found a glowing golden altar of the Shining One.
  4184 | D:4      | Learned a level 3 spell: Call Canine Familiar
  4809 | D:4      | Noticed a phantom
  5002 | D:4      | Killed a phantom
  5002 | D:4      | Reached skill level 5 in Summonings
  5002 | D:4      | Reached XP level 5. HP: 15/38 MP: 5/10
  5245 | D:3      | Killed from afar by an orc wizard

Illustrated notes

Levels and vault maps discovered:
D:1:      dpeg_cavernosity, layout_loops_ring
D:2:      layout_loops_corners, led_sif_pool, dancing_weapons_uskayaw
D:3:      layout_basic, nicolae_ru_awakened_eye, tso_altar
D:4:      layout_loops_ring, chequers_temple_overflow_minitemple,
          gup_sewer_entry_spiral

Skill      XL: |  1  2  3  4 |
---------------+-------------+-----
Dodging        | 2 3 |  3.3
Spellcasting   | 3 |  3.4
Summonings     | 5 |  5.0
Stealth        | |  1.7

Action                   |  1- 3 |  4- 6 || total
-------------------------+-------+-------++-------
Melee: Dagger            |   142 |    78 ||   220
       Unarmed           |     8 |       ||     8
       Tailslap          |    20 |     1 ||    21
Throw: Dart              |     5 |    16 ||    21
 Cast: Summon Small Mamm |    25 |       ||    25
       Call Imp          |     4 |    19 ||    23
       Call Canine Famil |       |     5 ||     5
  Use: Scroll            |       |     3 ||     3
 Stab: Sleeping          |     1 |     3 ||     4
       Distracted        |       |     1 ||     1
Armor: Skin              |    60 |    54 ||   114
Dodge: Dodged            |   115 |    68 ||   183

Table legend: (Time is in decaauts)
 A = Elapsed time spent in this place.
 B = Non-inter-level travel time spent in this place.
 C = Inter-level travel time spent in this place.
 D = Time resting spent in this place.
 E = Time spent auto-exploring this place.
 F = Levels seen in this place.
 G = Mean time per level.
                   A        B        C        D        E       F      G
               +--------+--------+--------+--------+--------+-----+--------+
         Total |   5248 |   5023 |    225 |   1203 |   2878 |   4 | 1312.0 |
       Dungeon |   5248 |   5023 |    225 |   1203 |   2878 |   4 | 1312.0 |
               +--------+--------+--------+--------+--------+-----+--------+

Top non-repeatable levels by time:
     D:1: 1777 daAuts
     D:2: 1418 daAuts
     D:3: 1111 daAuts
     D:4: 941 daAuts
